 Dungeon Crawl Stone Soup version 0.30.1-3-gfc49f6343a (webtiles) character file.

Game seed: 14412248796575769553

231 GeoRichter the Shooter (level 5, -2/32 HPs)
             Began as a Deep Elf Hunter on July 27, 2023.
             Slain by an elf zombie (5 damage)
             ... in an ossuary.
             The game lasted 00:03:45 (2775 turns).

GeoRichter the Shooter (Deep Elf Hunter)            Turns: 2775, Time: 00:03:46

Health: -2/32      AC:  4    Str:  8    XL:     5   Next: 72%
Magic:  7/7        EV: 12    Int: 16    God:
Gold:   161        SH:  0    Dex: 24    Spells: 4/4 levels left

rFire   . . .        a - +0 shortbow
rCold   . . .        (shield currently unavailable)
rNeg    . . .        c - +0 leather armour
rPois   .            (no helmet)
rElec   .            g - +0 cloak
rCorr   .            (no gloves)
SInv    .            (no boots)
Will    .....        (no amulet)
Stlth   +++          n - +6 ring of dexterity
HPRegen 0.25/turn    (no ring)
MPRegen 0.10/turn

%: no passive effects
@: about to teleport
A: no striking features
a: no special abilities


You were in an ossuary.
You visited 1 branch of the dungeon, and saw 4 of its levels.
You also visited: Ossuary.

You collected 161 gold pieces.

Inventory:

Hand Weapons
 a - a +0 shortbow (weapon)
Armour
 c - a +0 leather armour (worn)
 g - a +0 cloak (worn)
   (You found it on level 1 of the Dungeon)
Jewellery
 m - a ring of fire
   (You found it on level 1 of the Dungeon)
 n - a +6 ring of dexterity (left hand)
   (You found it on level 2 of the Dungeon)
Scrolls
 b - a scroll of immolation {!r}
 d - 2 scrolls of teleportation {@r4}
 h - a scroll of fog {unknown}
 i - a scroll of amnesia
 l - a scroll of blinking {unknown}
 o - a scroll of brand weapon {unknown}
 q - a scroll of acquirement {unknown}
 r - a scroll of magic mapping {unknown}
 s - a scroll of poison {unknown}
 t - a scroll of identify {unknown}
 u - 2 scrolls of torment {!r}
Potions
 e - 2 potions of brilliance {unknown}
 f - a potion of mutation {unknown}
 j - a potion of invisibility {unknown}
 k - 3 potions of curing {unknown}
 p - a potion of attraction {unknown}
 v - a potion of berserk rage {unknown}
 w - a potion of flight {unknown}
 x - a potion of might {unknown}


   Skills:
 + Level 2.8 Fighting
 * Level 7.5 Ranged Weapons
 - Level 2.4 Dodging
 + Level 3.8 Stealth


You had 4 spell levels left.
You didn't know any spells.
Your spell library was empty.

Dungeon Overview and Level Annotations

Branches:
Dungeon (4/15) Zot: 21188 Ossuary (1/1) Zot: 5987
 Temple: D:4-7

Altars:
Elyvilon


Message History

The jackal zombie closely misses you. The jackal zombie bites you.
The jackal zombie bites you but does no damage.
The jackal zombie misses you. The jackal zombie barely misses you.
You shoot an arrow.
The arrow closely misses the elf zombie.
The arrow hits the goblin zombie!
The goblin zombie is almost destroyed.
The jackal zombie barely misses you.
The elf zombie hits you but does no damage.
The goblin zombie barely misses you. The orc zombie closely misses you.
The elf zombie hits you. The jackal zombie misses you.
The jackal zombie closely misses you.
The jackal zombie bites you but does no damage.
You shoot an arrow. The arrow hits the elf zombie!
The elf zombie is lightly damaged.
The jackal zombie closely misses you. The jackal zombie barely misses you.
The gnoll zombie hits you. The elf zombie hits you.
The goblin zombie closely misses you.
The orc zombie hits you but does no damage.
The jackal zombie closely misses you. The elf zombie hits you.
You shoot an arrow. The arrow hits the elf zombie!
The elf zombie is moderately damaged.
The jackal zombie barely misses you. x2; The jackal zombie bites you.
The gnoll zombie barely misses you.
The goblin zombie hits you but does no damage.
The orc zombie closely misses you. The elf zombie barely misses you.
The elf zombie misses you. The jackal zombie barely misses you.
The jackal zombie bites you but does no damage.
You shoot an arrow. The arrow barely misses the elf zombie.
The arrow hits the goblin zombie.
You destroy the goblin zombie!
The jackal zombie bites you. The jackal zombie closely misses you.
The jackal zombie bites you but does no damage.
The gnoll zombie hits you. The orc zombie misses you.
The jackal zombie completely misses you.
The elf zombie hits you.
* * * LOW HITPOINT WARNING * * *
The goblin zombie closely misses you.
The elf zombie hits you but does no damage.
As you read the scroll of teleportation {@r4}, it crumbles to dust.
You feel strangely unstable. The jackal zombie closely misses you.
The jackal zombie bites you but does no damage.
The jackal zombie closely misses you. The gnoll zombie hits you.
* * * LOW HITPOINT WARNING * * *
The orc zombie hits you.
* * * LOW HITPOINT WARNING * * *
The elf zombie hits you.
* * * LOW HITPOINT WARNING * * *
The goblin zombie barely misses you. The elf zombie hits you.
You die...

...............
...............
...............
...............
...............
.......Z.......
......ZZZ......
......Z@Z......
......ZZZ......
...............
...............
...............
...............
.......Z.......
...............


You could see 4 jackal zombies, a goblin zombie, a gnoll zombie, a kobold
zombie, an orc zombie and 2 elf zombies.

Vanquished Creatures
  A jelly (D:3)
  2 orc wizards (D:3)
  A hound zombie (Ossuary)
  A gnoll (D:1)
  4 adders
  A worm (D:2)
  2 dart slugs (D:1)
  10 orcs (D:3)
  7 bats
  9 endoplasms
  3 giant cockroaches
  11 goblins
  6 hobgoblins
  A quokka (D:2)
  3 ball pythons
  2 frilled lizards
  A goblin zombie (Ossuary)
  8 kobolds
  4 rats
77 creatures vanquished.

Notes
Turn   | Place    | Note
-------+----------+-------------------------------------------
     0 | D:1      | GeoRichter the Deep Elf Hunter began the quest for the Orb.
     0 | D:1      | Reached XP level 1. HP: 12/12 MP: 3/3
   201 | D:1      | Found a faded altar of an unknown god.
   251 | D:1      | Reached XP level 2. HP: 14/17 MP: 4/4
   493 | D:1      | Reached skill level 6 in Ranged Weapons
   493 | D:1      | Reached XP level 3. HP: 19/21 MP: 5/5
  1326 | D:2      | Reached XP level 4. HP: 26/26 MP: 6/6
  1637 | D:3      | Found a white marble altar of Elyvilon.
  1800 | D:3      | Reached skill level 7 in Ranged Weapons
  1811 | D:3      | Reached XP level 5. HP: 31/31 MP: 7/7
  2750 | D:4      | Found a sand-covered staircase.
  2765 | Ossuary  | Entered an ossuary
  2775 | Ossuary  | Slain by an elf zombie

Illustrated notes

Levels and vault maps discovered:
D:1:      dpeg_arrival_three_smaller_balls, layout_basic,
          ebering_ecumenical_altar_box, minmay_misc_feat_roman,
          kennysheep_doodads, nicolae_grassy_gnolls
D:2:      layout_loops_ring
D:3:      minmay_chambers_of_twos, layout_basic, nicolae_overflow_crystal_walls,
          hangedman_decor_push, kennysheep_pointless_box,
          guppyfry_early_orc_mine
D:4:      layout_loops_ring, chequers_temple_overflow_statue_of_worship,
          kennysheep_little_box, lemuel_round_altar,
          minmay_temple_entry_drinking_statues, nicolae_ossuary_entry_monument,
          nicolae_take_the_stairs, chequers_serial_rivers_room_a, minmay_bent
Ossuary:  ossuary_minmay_tomb_2a

Skill      XL: |  1  2  3  4 |
---------------+-------------+-----
Stealth        | 2 3 |  3.8
Fighting       | 2 |  2.8
Ranged Weapons | 6 7 |  7.5
Dodging        | |  2.4

Action                     |  1- 3 |  4- 6 || total
---------------------------+-------+-------++-------
   Fire: Shortbow          |    83 |   119 ||   202
    Use: Scroll            |       |     4 ||     4
 Armour: Leather armour    |     7 |    32 ||    39
  Dodge: Dodged            |    12 |    47 ||    59
